 Dungeon Crawl Stone Soup version 0.16-a0-3215-g5dfac0e (webtiles) character file.

112854 KaKa the Impaler (level 16, -2/129 HPs)
             Began as a Merfolk Ice Elementalist on Dec 20, 2014.
             Was the Champion of Cheibriados.
             Killed from afar by a blizzard demon (38 damage)
             ... with a bolt of lightning
             ... on level 1 of the Abyss.
             The game lasted 03:28:37 (31611 turns).

KaKa the Impaler (Merfolk Ice Elementalist)        Turns: 31611, Time: 03:28:37

Health: -2/129     AC: 24    Str: 25    XL:     16   Next: 61%
Magic:  23/30      EV: 25    Int: 36    God:    Cheibriados [******]
Gold:   2355       SH: 10    Dex: 30    Spells: 6 memorised, 11 levels left

rFire  . . .     SeeInvis +     a - +12 Glaive of Prune {chop}
rCold  . . .     Clarity  +     f - +2 leather armour {rPois}
rNeg   . . .     SustAb   .     (no shield)
rPois  +         Gourm    .     t - +2 helmet
rElec  .         Spirit   .     w - +0 cloak
rCorr  .         Warding  .     j - +0 pair of gloves
rMut   .         Stasis   .     F - +2 pair of boots
MR     ++...                    B - amulet of clarity
Stlth  +++.......               L - ring of protection from magic
                                h - ring of see invisible

@: icy armour, icy shield, repel missiles, very slow, very resistant to hostile
enchantments, fairly stealthy
A: change form in water, swift swim, clever 1
a: Bend Time, Temporal Distortion, Slouch, Step From Time, Renounce Religion


You were on level 1 of the Abyss.
You worshipped Cheibriados.
Cheibriados was exalted by your worship.
You were full.

You visited 4 branches of the dungeon, and saw 27 of its levels.
You visited the Abyss 1 time.
You also visited: Ossuary and Ice Cave.

You collected 3955 gold pieces.
You spent 1600 gold pieces at shops.

Inventory:

Hand weapons
 a - the +12 Glaive of Prune (weapon) {chop}
   (You bought it in a shop on level 3 of the Orcish Mines)

   It inflicts extra damage upon your enemies.
 b - the +6 bardiche of Nemelex Xobeh's Anger {pain, Str-3 Int+3}
   (You acquired it in an ice cave)

   In the hands of one skilled in necromantic magic, it inflicts extra damage on
   living creatures.
   It affects your strength (-3).
   It affects your intelligence (+3).
 O - a +0 blowgun
Missiles
 Y - 6 curare-tipped needles
Armour
 f - a +2 leather armour of poison resistance (worn)
 j - a +0 pair of gloves (worn)
 t - a +2 helmet (worn)
 w - a +0 cloak (worn)
 F - a +2 pair of boots (worn)
Jewellery
 g - an uncursed ring of protection from cold
 h - a ring of see invisible (left hand)
 i - an uncursed ring of protection from fire
 m - an uncursed ring of positive energy
 B - an amulet of clarity (around neck)
 H - an uncursed ring of flight
 L - a ring of protection from magic (right hand)
 S - an uncursed ring of teleportation
 Z - a cursed ring of ice
Magical devices
 k - a wand of draining (3)
 q - a wand of teleportation (4)
 z - a wand of teleportation (6)
 R - a wand of teleportation (9)
Scrolls
 d - 2 scrolls of blinking
 e - 3 scrolls of magic mapping
 l - 4 scrolls of amnesia
 n - a scroll of silence
 p - 9 scrolls of teleportation
 s - 2 scrolls of fear
 v - a scroll of brand weapon {unknown}
 y - a scroll of fog
 C - 2 scrolls of recharging
 G - 4 scrolls of enchant weapon
 K - 3 scrolls of enchant armour
 N - 5 scrolls of remove curse
 T - 2 scrolls of identify
Potions
 r - a potion of restore abilities
 x - a potion of degeneration {unknown}
 A - 4 potions of magic
 D - a potion of poison {unknown}
 E - a potion of cure mutation
 I - 3 potions of heal wounds
 J - 5 potions of might
 M - 2 potions of haste {unknown}
 Q - 5 potions of curing
 U - 2 potions of invisibility
 V - 4 potions of agility
 W - 2 potions of cancellation
 X - 3 potions of brilliance
Miscellaneous
 o - a phantom mirror
 P - a phial of floods
Comestibles
 c - 17 bread rations
 u - 7 meat rations


   Skills:
 + Level 12.6 Fighting
 + Level 18.8 Polearms
 - Level 2.1 Armour
 + Level 11.1 Dodging
 - Level 2.1 Stealth
 - Level 6.0 Spellcasting
 - Level 6.0 Conjurations
 - Level 6.7 Charms
 - Level 12.1 Ice Magic
 - Level 11.7 Invocations
 - Level 11.3 Evocations


You had 11 spell levels left.
You knew the following spells:

 Your Spells              Type           Power        Failure   Level  Hunger
b - Freeze                Ice            ####         1%          1    None
c - Ozocubu's Armour      Chrm/Ice       ######..     1%          3    None
e - Repel Missiles        Chrm/Air       ####..       1%          2    None
q - Throw Frost           Conj/Ice       ######       1%          2    None
w - Throw Icicle          Conj/Ice       ######..     1%          4    ##.....
x - Condensation Shield   Ice            #######...   1%          4    ##.....


Dungeon Overview and Level Annotations

Branches:
Dungeon (14/15)            Temple (1/1) D:4            Lair (8/8) D:11
  Swamp (0/5) Lair:4       Spider (0/5) Lair:3        Slime (0/6) Lair:6
    Orc (4/4) D:9             Elf (0/3) Orc:4        Vaults (0/5) D:14

Altars:
Ashenzari
Cheibriados
Fedhas
Gozag
Kikubaaqudgha
Okawaru
Sif Muna
Trog
Vehumet
Yredelemnul
Zin
The Shining One
Beogh

Shops:
D:6 *   D:11 ?   D:13 *   Orc:3 (   Orc:4 [%[}

Annotations:
Lair:8 runed door


Innate Abilities, Weirdness & Mutations

You revert to your normal form in water.
You are very nimble and swift while swimming.
Your mind is acute. (Int +2)


Message History

HP restored.
A blizzard demon comes into view.
The blizzard demon gestures at you. The freezing blast engulfs you!
Unknown command.
Casting: Ozocubu's Armour
Confirm with . or Enter, or press ? or * to list all spells.
A crackling disc of dense vapour forms in the air!
You are engulfed in freezing vapours.
The blizzard demon gestures at you. The bolt of lightning misses you. x2
The bolt of lightning misses the blizzard demon.
Casting: Condensation Shield
Confirm with . or Enter, or press ? or * to list all spells.
A film of ice covers your body!
You are engulfed in freezing vapours.
The blizzard demon gestures at you. The bolt of lightning hits you!
* * * LOW HITPOINT WARNING * * *
The bolt of lightning hits you!
You die...

##.###.# ##
#..## .# #.
.#.# .. ...#.#
.. #.#..#
#.####
#..##.#.#... #
#...##§.§.#
##.###.#.§§#§#
#.#...#..2§@#
##
....#....§§# #
....##..#####
#....#####.#
###### ##


You could see a blizzard demon.

Vanquished Creatures
  A tentacled monstrosity (Abyss:1)
  A frost giant (D:12)
  The ghost of Chiseanne the Blocker, a powerful FoFi of Makhleb (D:11)
  An ettin (Orc:4)
  Snorg (Orc:1)
  An ogre mage (D:12)
  Fannar (Orc:2)
  An ice dragon (Lair:8)
  Nessos (Orc:4)
  7 hydras
  2 centaur warriors
  Erica (Orc:4)
  A tengu warrior (D:8)
  13 death yaks
  A catoblepas (Lair:8)
  6 orc high priests
  An ice devil (IceCv)
  A fire crab (Lair:7)
  A wretched star (Abyss:1)
  A deep elf knight (D:14)
  A giant orange brain (Abyss:1)
  2 ice statues (IceCv)
  4 orc knights
  19 hill giants
  An orc sorcerer (Orc:4)
  The ghost of Chiseanne the Shield-Bearer, an experienced FoFi (D:5)
  2 griffons
  2 stone giant zombies (D:12)
  2 lindwurms (Lair:8)
  2 wolf spiders (Lair:8)
  A guardian serpent (Lair:8)
  5 cyclopes
  3 elephants (Lair:6)
  An apocalypse crab (Abyss:1)
  An iron dragon skeleton (Abyss:1)
  Maurice (D:9)
  Joseph (D:7)
  10 black mambas
  A gargoyle (D:11)
  18 spiny frogs
  A smoke demon (Abyss:1)
  7 torpor snails
  2 large abominations (Abyss:1)
  Psyche (Orc:4)
  3 centaur skeletons
  A kobold demonologist (D:14)
  A hellion (Abyss:1)
  A hellwing (Orc:4)
  An ancient zyme (Abyss:1)
  A fire drake (Lair:5)
  A silent spectre (Abyss:1)
  7 blue devils (IceCv)
  A deep elf priest (D:14)
  8 komodo dragons
  3 trolls
  Sonja (D:11)
  3 giant leeches (Lair:8)
  A raiju (Abyss:1)
  A two-headed ogre (D:14)
  A vampire (D:12)
  11 blink frogs
  2 water elementals
  A redback (Lair:8)
  4 basilisks
  2 hill giant zombies (D:12)
  A deep elf fighter (D:11)
  53 yaks
  A shadow (Abyss:1)
  3 deep elf magi
  2 wyverns (D:12)
  9 hippogriffs
  8 humans (Lair:6)
  A steam dragon (Lair:4)
  A hungry ghost (D:8)
  2 chaos spawn
  10 wargs
  Edmund (D:7)
  Menkaure (D:7)
  6 small abominations (Abyss:1)
  15 wolves
  28 water moccasins
  6 swamp worms (Lair:4)
  6 spiders (Lair:8)
  24 orc warriors
  7 porcupines
  An eye of draining (D:10)
  17 ogres
  6 sky beasts
  13 centaurs
  2 black bears
  2 phantoms
  A boring beetle (Lair:5)
  9 yellow wasps
  Sigmund (D:6)
  7 big kobolds
  12 crocodiles
  28 giant frogs
  3 brain worms (Lair:8)
  Blork the orc (D:9)
  2 wyvern skeletons
  A troll zombie (Ossuary)
  8 scorpions
  15 wights
  A water moccasin skeleton (D:7)
  6 killer bees (D:9)
  7 electric eels
  5 crimson imps
  2 giant frog zombies (D:9)
  3 goliath beetles
  7 jellies
  A quasit (Abyss:1)
  4 giant frog skeletons
  54 orc wizards
  14 hounds
  6 centaur zombies
  40 orc priests
  18 worker ants
  3 human skeletons (D:8)
  12 iguanas
  A killer bee zombie (D:8)
  3 sheep (Lair:6)
  2 ogre zombies (Ossuary)
  A hound skeleton (D:4)
  9 mummies
  37 adders
  3 gnolls (D:3)
  48 river rats
  5 giant mites
  9 white imps
  4 shadow imps
  8 ufetubi (IceCv)
  19 worms
  3 adder skeletons
  3 adder zombies
  8 giant geckos
  2 oozes
  172 orcs
  3 ball pythons
  4 bat skeletons
  A bat zombie (D:7)
  5 giant cockroaches
  18 goblins
  16 hobgoblins
  10 quokkas
  27 bats
  A giant gecko zombie (D:5)
  6 giant newts
  7 goblin zombies (Ossuary)
  4 hobgoblin zombies (Ossuary)
  15 jackals
  33 kobolds
  4 kobold zombies (Ossuary)
  3 orc skeletons (D:8)
  A quokka skeleton (D:7)
  7 quokka zombies
  24 rats
  3 rat zombies (Ossuary)
  2 plants (Lair:8)
1216 creatures vanquished.

Vanquished Creatures (others)
  A neqoxec (Abyss:1)
  A sky beast (D:11)
  A white imp (IceCv)
  4 fungi
7 creatures vanquished.

Grand Total: 1223 creatures vanquished

Notes
Turn   | Place    | Note
--------------------------------------------------------------
     0 | D:1      | KaKa, the Merfolk Ice Elementalist, began the quest for the Orb.
     0 | D:1      | Reached XP level 1. HP: 13/13 MP: 3/3
   333 | D:1      | Reached XP level 2. HP: 19/19 MP: 1/4
   437 | D:1      | Reached skill level 4 in Ice Magic
   462 | D:1      | Learned a level 2 spell: Throw Frost
   824 | D:1      | Reached XP level 3. HP: 24/24 MP: 1/6
  1044 | D:2      | Found an ancient bone altar of Kikubaaqudgha.
  1045 | D:2      | Found a glowing golden altar of the Shining One.
  1106 | D:2      | Learned a level 3 spell: Ozocubu's Armour
  1296 | D:2      | Reached skill level 5 in Ice Magic
  1413 | D:2      | Reached XP level 4. HP: 28/30 MP: 3/7
  1548 | D:2      | Reached skill level 1 in Charms
  1642 | D:2      | Found a radiant altar of Vehumet.
  1742 | D:2      | Found a deep blue altar of Sif Muna.
  2361 | D:3      | Reached XP level 5. HP: 35/35 MP: 7/9
  2393 | D:3      | Reached skill level 1 in Conjurations
  2443 | D:3      | Found a bloodstained altar of Trog.
  2878 | D:4      | Found a staircase to the Ecumenical Temple.
  2888 | Temple   | Entered the Ecumenical Temple
  2925 | Temple   | Became a worshipper of Cheibriados the Contemplative
  3213 | D:4      | Reached skill level 6 in Ice Magic
  3213 | D:4      | Reached XP level 6. HP: 41/41 MP: 2/10
  4137 | D:4      | Gained mutation: You expend magic power (6 MP) to slightly strengthen your wands. [potion of mutation]
  4137 | D:4      | Gained mutation: You tend to lose your temper in combat. [potion of mutation]
  4137 | D:4      | Gained mutation: You can spit poison. [potion of mutation]
  4138 | D:4      | Lost mutation: You expend magic power (6 MP) to slightly strengthen your wands. [potion of cure mutation]
  4138 | D:4      | Lost mutation: You can spit poison. [potion of cure mutation]
  4138 | D:4      | Lost mutation: You tend to lose your temper in combat. [potion of cure mutation]
  4240 | D:5      | Entered Level 5 of the Dungeon
  4325 | D:4      | Reached XP level 7. HP: 46/46 MP: 4/13
  4462 | D:5      | Learned a level 4 spell: Throw Icicle
  4470 | D:5      | Learned a level 2 spell: Repel Missiles
  4499 | D:5      | Noticed Chiseanne's ghost (experienced FoFi)
  4529 | D:5      | Killed Chiseanne's ghost
  4529 | D:5      | Reached skill level 7 in Ice Magic
  4529 | D:5      | Reached XP level 8. HP: 33/52 MP: 0/16
  4899 | D:5      | Acquired Cheibriados' first power
  5012 | D:5      | Found a shattered altar of Ashenzari.
  5390 | D:5      | Reached skill level 5 in Conjurations
  5495 | D:6      | Reached skill level 8 in Ice Magic
  5573 | D:6      | Reached skill level 5 in Polearms
  5573 | D:6      | Reached skill level 1 in Invocations
  5772 | D:6      | Acquired Cheibriados' second power
  5935 | D:6      | Reached XP level 9. HP: 49/57 MP: 2/18
  6076 | D:6      | Gained mutation: You expend magic power (6 MP) to slightly strengthen your wands. [mutagenic meat]
  6077 | D:6      | Gained mutation: Scrolls take you a little longer to read. [mutagenic meat]
  6078 | D:6      | Lost mutation: You expend magic power (6 MP) to slightly strengthen your wands. [potion of cure mutation]
  6078 | D:6      | Lost mutation: Scrolls take you a little longer to read. [potion of cure mutation]
  6189 | D:6      | Found a glowing silver altar of Zin.
  6204 | D:6      | Learned a level 4 spell: Condensation Shield
  6298 | D:6      | Noticed Sigmund
  6322 | D:6      | Killed Sigmund
  6434 | D:6      | Found Uqimm's General Store.
  6988 | D:6      | Acquired Cheibriados' third power
  7241 | D:7      | Reached skill level 5 in Spellcasting
  7465 | D:7      | Reached skill level 9 in Polearms
  7646 | D:7      | Noticed Menkaure
  7663 | D:7      | Killed Menkaure
  7663 | D:7      | Reached XP level 10. HP: 59/63 MP: 10/23
  7777 | D:7      | Noticed Edmund
  7795 | D:7      | Killed Edmund
  7795 | D:7      | Reached skill level 10 in Polearms
  8044 | D:7      | Noticed Joseph
  8409 | D:7      | Killed Joseph
  8902 | D:8      | Reached skill level 11 in Polearms
  8988 | D:8      | Found a sand-covered staircase.
  8993 | Ossuary  | Entered an ossuary
  9763 | D:8      | Noticed a tengu warrior
  9834 | D:8      | Reached skill level 12 in Polearms
 10019 | D:8      | Killed a tengu warrior
 10185 | D:8      | Reached XP level 11. HP: 68/68 MP: 19/25
 10245 | D:8      | Noticed a hill giant
 10254 | D:8      | Killed a hill giant
 10254 | D:8      | Reached skill level 13 in Polearms
 10254 | D:8      | Reached skill level 10 in Ice Magic
 10506 | D:9      | Noticed Blork the orc
 10513 | D:9      | Killed Blork the orc
 11143 | D:9      | Found a staircase to the Orcish Mines.
 11451 | D:9      | Reached skill level 14 in Polearms
 11573 | D:9      | Noticed Maurice
 11577 | D:9      | Paralysed by Maurice for 2 turns
 11582 | D:9      | Killed Maurice
 11582 | D:9      | Reached skill level 5 in Invocations
 11786 | D:10     | Entered Level 10 of the Dungeon
 12218 | D:10     | Noticed a hill giant
 12228 | D:10     | Killed a hill giant
 12228 | D:10     | Reached skill level 15 in Polearms
 12333 | D:10     | Reached XP level 12. HP: 74/80 MP: 7/25
 12935 | D:11     | Noticed Chiseanne's ghost (powerful FoFi)
 12964 | D:11     | Killed Chiseanne's ghost
 12964 | D:11     | Reached skill level 5 in Fighting
 13090 | D:11     | Found Prurer's Magic Scroll Shoppe.
 13097 | D:11     | Reached skill level 16 in Polearms
 13172 | D:11     | Noticed Sonja
 13323 | D:11     | Killed Sonja
 13465 | D:11     | Gained mutation: Your mind is acute. (Int +2) [potion of beneficial mutation]
 13638 | D:11     | Found a staircase to the Lair.
 14339 | Lair:1   | Entered Level 1 of the Lair of Beasts
 14842 | Lair:1   | Got a dazzling quarterstaff
 14843 | Lair:1   | Identified the +2 quarterstaff of Patterns {vamp, rPois} (You found it on level 1 of the Lair of Beasts)
 15784 | Lair:2   | Noticed an eight-headed hydra
 15789 | Lair:2   | Killed an eight-headed hydra
 16204 | Lair:2   | Reached XP level 13. HP: 99/99 MP: 14/26
 16748 | Lair:3   | Found a hole to the Spider Nest.
 17038 | Lair:3   | Reached skill level 5 in Evocations
 17181 | Lair:4   | Reached skill level 10 in Fighting
 17253 | Lair:4   | Found a staircase to the Swamp.
 18656 | Lair:4   | Reached skill level 1 in Armour
 19518 | Lair:5   | Reached skill level 5 in Dodging
 19634 | Lair:5   | Reached XP level 14. HP: 113/113 MP: 19/27
 20633 | Lair:6   | Found a staircase to the Slime Pits.
 21687 | Lair:7   | Reached skill level 10 in Dodging
 21932 | Lair:8   | Entered Level 8 of the Lair of Beasts
 22080 | Lair:8   | Found a runed door.
 22721 | Lair:8   | Reached skill level 10 in Invocations
 23096 | Lair:8   | Reached XP level 15. HP: 98/120 MP: 14/28
 23107 | Lair:8   | Reached skill level 10 in Evocations
 24309 | Orc:1    | Entered Level 1 of the Orcish Mines
 24392 | Orc:1    | Noticed Snorg
 24397 | Orc:1    | Killed Snorg
 25147 | Orc:2    | Found a roughly hewn altar of Beogh.
 25261 | Orc:2    | Noticed Fannar
 25282 | Orc:2    | Killed Fannar
 25370 | Orc:3    | Found a frozen archway.
 25387 | IceCv    | Entered an ice cave
 25725 | IceCv    | Identified a scroll of acquirement
 25729 | IceCv    | Got a twisted bardiche
 25730 | IceCv    | Identified the +6 bardiche of Nemelex Xobeh's Anger {pain, Str-3 Int+3} (You acquired it in an ice cave)
 25820 | IceCv    | Got an ichor-stained demon whip
 25887 | IceCv    | Identified the +9 demon whip of Destiny {drain, rPois} (You found it in an ice cave)
 25983 | Orc:3    | Found Hoth's Weapon Shoppe.
 25990 | Orc:3    | Bought the +12 Glaive of Prune {chop} for 1600 gold pieces
 26356 | Orc:3    | Found a roughly hewn altar of Beogh.
 26462 | Orc:3    | Found a roughly hewn altar of Beogh.
 26686 | Orc:4    | Entered Level 4 of the Orcish Mines
 26849 | Orc:4    | Reached skill level 17 in Polearms
 26857 | Orc:4    | Found Ixkasch's Antique Armour Boutique.
 26857 | Orc:4    | Found Mnaujah's Gadget Shop.
 26857 | Orc:4    | Found Kuahasif's Antique Armour Shop.
 26859 | Orc:4    | Paralysed by an orc sorcerer for 4 turns
 27119 | Orc:4    | Noticed Psyche
 27128 | Orc:4    | Killed Psyche
 27277 | Orc:4    | Found Klonick's Food Boutique.
 27457 | Orc:4    | Noticed Nessos
 27480 | Orc:4    | Killed Nessos
 27704 | Orc:4    | Found a staircase to the Elven Halls.
 27750 | Orc:4    | Reached skill level 18 in Polearms
 27766 | Orc:4    | Noticed Erica
 27794 | Orc:4    | Killed Erica
 28862 | D:12     | Reached XP level 16. HP: 102/127 MP: 20/30
 29126 | D:12     | Reached skill level 5 in Charms
 29591 | D:12     | Noticed a frost giant
 29605 | D:12     | Killed a frost giant
 30486 | D:13     | Found Foets' General Store.
 30887 | D:14     | Found a bloodstained altar of Trog.
 30936 | D:14     | Found a gate to the Vaults.
 31056 | D:14     | Cast into the Abyss (an ogre mage)
 31216 | Abyss:1  | Noticed an Executioner
 31442 | Abyss:1  | Noticed a tentacled starspawn
 31445 | Abyss:1  | Noticed a tentacled monstrosity
 31464 | Abyss:1  | Killed a tentacled monstrosity
 31611 | Abyss:1  | Killed from afar by a blizzard demon

Action                   |  1- 3 |  4- 6 |  7- 9 | 10-12 | 13-15 | 16-18 || total
-------------------------+-------+-------+-------+-------+-------+-------++-------
Melee: Spear             |    22 |    93 |     5 |       |       |       ||   120
       Trident           |       |       |   144 |     2 |       |       ||   146
       Halberd           |       |       |    36 |   828 |  1266 |       ||  2130
       Glaive            |       |       |       |       |   322 |   243 ||   565
       Bardiche          |       |       |       |       |    20 |       ||    20
Throw: Tomahawk          |       |       |     5 |       |       |       ||     5
 Cast: Freeze            |    57 |   130 |   125 |    17 |       |       ||   329
       Ozocubu's Armour  |       |     3 |     6 |    42 |   107 |    19 ||   177
       Throw Frost       |       |     6 |     8 |     3 |    10 |       ||    27
       Throw Icicle      |       |       |    34 |   101 |    82 |    13 ||   230
       Repel Missiles    |       |       |     1 |     3 |     1 |     2 ||     7
       Condensation Shie |       |       |     2 |    34 |    90 |    22 ||   148
Invok: Bend Time         |       |       |       |     1 |     1 |       ||     2
       Slouch            |       |       |       |       |     1 |       ||     1
Evoke: Wand              |       |       |     1 |       |       |       ||     1
  Use: Scroll            |     4 |     6 |     4 |    17 |    11 |     1 ||    43
       Potion            |       |     3 |     3 |     6 |     4 |     1 ||    17
 Stab: Sleeping          |     1 |     7 |     7 |    39 |    22 |     1 ||    77
       Distracted        |       |       |     1 |     9 |     7 |       ||    17
  Eat: Chunk             |     3 |    11 |    19 |    29 |    14 |       ||    76
       Fruit             |       |       |       |     4 |     2 |       ||     6
       Pizza             |       |       |       |     2 |     4 |       ||     6
       Beef jerky        |       |       |       |       |     6 |       ||     6
       Royal jelly       |       |       |       |       |     3 |       ||     3
       Meat ration       |       |       |       |       |       |     1 ||     1
